 Dungeon Crawl Stone Soup version 0.23.2-11-gf996548 (webtiles) character file.

Game seed: 16107078733283808292

679 Fang the Skirmisher (level 7, 0/66 HPs)
             Began as a Gargoyle Berserker on June 4, 2019.
             Was a Priest of Trog.
             Splashed by a jelly's acid (8 damage)
             ... on level 5 of the Dungeon.
             The game lasted 00:03:59 (4055 turns).

Fang the Skirmisher (Gargoyle Berserker)            Turns: 4055, Time: 00:04:00

Health: 0/66       AC: -8    Str: 28    XL:     7   Next: 60%
Magic:  7/7        EV: 13    Int:  7    God:    Trog [***...]
Gold:   260        SH:  0    Dex:  9    Spells: 6/6 levels left

rFire    . . .     SeeInvis .   a - +0 hand axe
rCold    . . .     Gourm    .   (no shield)
rNeg     + . .     Faith    .   b - +0 animal skin
rPois    ∞         Spirit   .   (no helmet)
rElec    +         Reflect  .   (no cloak)
rCorr    .         Harm     .   (no gloves)
MR       .....                  (no boots)
Stlth    ..........             (no amulet)
HPRegen  0.21/turn              (no ring)
MPRegen  0.10/turn              (no ring)

@: berserking, corroded, very quick
A: negative energy resistance 1, electricity resistance, unbreathing,
petrification resistance, rot immunity, AC +4
a: Berserk, Trog's Hand, Renounce Religion


You were on level 5 of the Dungeon.
You worshipped Trog.
Trog was most pleased with you.
You were very hungry.

You visited 2 branches of the dungeon, and saw 6 of its levels.
You also visited: Sewer.

You collected 260 gold pieces.

Inventory:

Hand Weapons
 a - a +0 hand axe (weapon)
Armour
 b - a +0 animal skin (worn)
Jewellery
 i - an uncursed ring of flight {unknown}
 p - a +6 ring of evasion {unknown}
Wands
 x - a wand of iceblast (6)
Scrolls
 d - a scroll of fog {unknown}
 e - 2 scrolls of random uselessness {unknown}
 f - 5 scrolls of identify {unknown}
 j - a scroll of blinking {unknown}
 n - 2 scrolls of remove curse {unknown}
 o - 2 scrolls of teleportation {unknown}
 r - a scroll of fear {unknown}
 v - a scroll of amnesia {unknown}
Potions
 g - a potion of curing {unknown}
 h - 4 potions of flight {unknown}
 l - a potion of mutation {unknown}
 m - a potion of agility {unknown}
 q - a potion of resistance {unknown}
 s - 2 potions of haste {unknown}
 t - a potion of lignification {unknown}
 u - a potion of cancellation {unknown}
 w - 2 potions of heal wounds {unknown}
Comestibles
 c - 7 rations


   Skills:
 + Level 5.4 Fighting
 + Level 4.5 Axes
 + Level 4.8 Armour
 + Level 3.6 Dodging


You had 6 spell levels left.
You didn't know any spells.
Your spell library was empty.

Dungeon Overview and Level Annotations

Branches:
Dungeon (5/15)             Temple (1/1) D:4

Altars:
Dithmenos
Trog
Uskayaw


Innate Abilities, Weirdness & Mutations

You are resistant to torment.
Your stone body is resilient. (AC +4)
You are immune to poison.
You resist negative energy. (rN+)
You are resistant to electric shocks. (rElec)
You can survive without breathing.
You are immune to petrification.
You are immune to rotting.


Message History

You are too injured to fight recklessly!
You are too injured to fight recklessly!
You are too injured to fight recklessly!
You are too injured to fight recklessly!
You are too injured to fight recklessly!
You are too injured to fight recklessly!
You are too injured to fight recklessly!
You are too injured to fight recklessly!
A red film seems to cover your vision as you go berserk!
You feel yourself moving faster!
You feel mighty!
You are feeling very hungry.
The jelly hits you. The acid corrodes you!
You are splashed with acid!
* * * LOW HITPOINT WARNING * * *
You hit the jelly but do no damage. The acid corrodes you!
Your hands burn!
* * * LOW HITPOINT WARNING * * *
The jelly is severely wounded.
The jelly hits you.
* * * LOW HITPOINT WARNING * * *
You are splashed with acid!
You die...

.........#
#........#
.. .#
.........
...##.
......#
##.#..
..!...
.<...# #...#
#....##J.##
##.....#@..#
#.........##
....##<...#
# ###..#
#.$.# #.....
##.....
##.... ##..


You could see a jelly.

Vanquished Creatures
  The ghost of RebellionBird the Chopper, an amateur DsGl (D:3)
  Purgy (Sewer)
  2 ogres (D:4)
  A crimson imp (D:4)
  A hound (D:2)
  3 orc wizards
  A worker ant (D:4)
  3 adders
  2 oozes
  An adder skeleton (D:4)
  A worm (D:4)
  A dart slug (D:2)
  2 leopard geckos (D:3)
  9 orcs
  7 bats
  4 giant cockroaches
  4 goblins
  12 hobgoblins
  4 jackals (D:4)
  7 kobolds
  2 quokkas
  4 frilled lizards
  9 rats
82 creatures vanquished.

Vanquished Creatures (others)
  A withered plant (D:3)
1 creature vanquished.

Grand Total: 83 creatures vanquished

Notes
Turn   | Place    | Note
-------+----------+-------------------------------------------
     0 | D:1      | Fang the Gargoyle Berserker began the quest for the Orb.
     0 | D:1      | Reached XP level 1. HP: 14/14 MP: 1/1
   124 | D:1      | Reached XP level 2. HP: 16/19 MP: 2/2
   950 | D:2      | Reached XP level 3. HP: 21/24 MP: 3/3
  1019 | D:2      | Reached ** piety under Trog
  1158 | D:2      | Reached XP level 4. HP: 29/29 MP: 4/4
  1359 | D:2      | Found a bloodstained altar of Trog.
  1492 | D:3      | Reached skill level 4 in Fighting
  1683 | D:3      | Reached XP level 5. HP: 31/33 MP: 5/5
  1759 | D:3      | Found a runed translucent door.
  1760 | D:3      | Noticed RebellionBird's ghost (amateur DsGl)
  1963 | D:3      | Found a glowing drain.
  1983 | Sewer    | Entered a sewer
  2105 | Sewer    | Noticed Purgy
  2121 | Sewer    | Killed Purgy
  2121 | Sewer    | Reached XP level 6. HP: 20/39 MP: 6/6
  2305 | Sewer    | Reached *** piety under Trog
  2530 | D:3      | Killed RebellionBird's ghost
  2699 | D:4      | Reached skill level 5 in Fighting
  3009 | D:4      | Reached XP level 7. HP: 38/44 MP: 7/7
  3655 | D:4      | Noticed a +0 hand axe
  3655 | D:4      | Noticed a +0 hand axe
  3656 | D:4      | Found a hide-covered altar of Uskayaw.
  3729 | D:4      | Found a shadowy altar of Dithmenos.
  3952 | D:4      | Found a staircase to the Ecumenical Temple.
  4004 | Temple   | Entered the Ecumenical Temple
  4048 | D:5      | Entered Level 5 of the Dungeon
  4055 | D:5      | Splashed by a jelly's acid

Skill      XL: |  1  2  3  4  5  6 |
---------------+-------------------+-----
Axes           | 3 4 |  4.5
Dodging        | 2 3 |  3.6
Armour         | 3 4 |  4.8
Fighting       | 4 5 |  5.4

Action                   |  1- 3 |  4- 6 |  7- 9 || total
-------------------------+-------+-------+-------++-------
Melee: Hand axe          |    76 |   169 |    94 ||   339
Invok: Berserk           |       |     2 |     3 ||     5
 Stab: Sleeping          |     1 |     3 |       ||     4
  Eat: Chunk             |     1 |     6 |     3 ||    10
       Ration            |       |       |     1 ||     1
Armor: Animal skin       |    35 |    64 |    32 ||   131
Dodge: Dodged            |    54 |   137 |    74 ||   265
